 Dungeon Crawl Stone Soup version 0.18.1-48-g4cf74bf (webtiles) character file.

219 sudo the Slasher (level 5, -3/35 HPs)
             Began as a High Elf Gladiator on June 29, 2016.
             Slain by an iguana (10 damage)
             ... on level 4 of the Dungeon.
             The game lasted 00:03:08 (2818 turns).

sudo the Slasher (High Elf Gladiator)               Turns: 2818, Time: 00:03:09

Health: -3/35      AC:  8    Str: 15    XL:     5   Next: 64%
Magic:  6/6        EV: 13    Int: 12    God:
Gold:   102        SH:  0    Dex: 15    Spells: 0 memorised, 4 levels left

rFire  . . .     SeeInvis .     a - +0 long sword
rCold  . . .     Gourm    .     u - +0 ring mail
rNeg   . . .     Faith    .     (no shield)
rPois  .         Spirit   .     c - +0 helmet
rElec  .         Dismiss  .     (no cloak)
rCorr  +         Reflect  .     p - +0 pair of gloves
SustAt .         Harm     .     i - +0 pair of boots
MR     .....                    (no amulet)
Stlth  +.........               (no ring)
                                n - ring of resist corrosion

@: not resistant to hostile enchantments, very unstealthy
A: no striking features
a: no special abilities


You were on level 4 of the Dungeon.
You were not hungry.

You visited 1 branch of the dungeon, and saw 4 of its levels.

You collected 102 gold pieces.

Inventory:

Hand Weapons
 a - a +0 long sword (weapon)
Missiles
 d - 3 throwing nets (quivered)
Armour
 b - a +0 leather armour
 c - a +0 helmet (worn)
 i - a +0 pair of boots (worn)
 p - a +0 pair of gloves (worn)
 u - a +0 ring mail (worn)
Jewellery
 n - a ring of resist corrosion (left hand)
 q - an uncursed amulet of faith {unknown}
Scrolls
 g - a scroll of immolation {unknown}
 j - a scroll of amnesia {unknown}
 k - 4 scrolls of enchant weapon {unknown}
 l - 3 scrolls of identify {unknown}
 m - 3 scrolls of fear {unknown}
 r - a scroll of teleportation {unknown}
 t - a scroll of noise {unknown}
Potions
 e - 2 potions of curing
 s - a potion of brilliance
 v - 3 potions of lignification {unknown}
 w - a potion of haste {unknown}
Comestibles
 f - a bread ration
 h - 2 beef jerkies
 o - 2 meat rations


   Skills:
 + Level 2.6 Fighting
 * Level 5.8 Long Blades
 - Level 2.0 Throwing
 + Level 1.6 Armour
 + Level 4.6 Dodging


You had 4 spell levels left.
You didn't know any spells.

Dungeon Overview and Level Annotations

Branches:
Dungeon (4/15)
 Temple: D:4-7

Altars:
Dithmenos
Kikubaaqudgha
Makhleb
Qazlal


Message History

The iguana completely misses you.
You hit the iguana but do no damage.
The iguana is moderately wounded.
The iguana barely misses you.
You barely miss the iguana.
The iguana is moderately wounded.
The iguana bites you but does no damage.
You hit the iguana but do no damage.
The iguana is moderately wounded.
The iguana completely misses you.
You hit the iguana.
The iguana is heavily wounded.
The iguana barely misses you.
You barely miss the iguana.
The iguana is heavily wounded.
The iguana closely misses you. The iguana misses you.
You barely miss the iguana.
The iguana is heavily wounded.
The iguana bites you!
You die...

.. .............# #.
#.####......### #.#
#.............# ..
#.####......#.# #.##.#
##...###.# #..#.# #...#
#.# #.#.# ##### #.#
#######...# #.#
#....l@...# #######.#
#.........# #....##.#
#.......#.# ##.>..##.#
#.......#.####.........
#.......#.#............
#.........# #.........
#........># #...##....
#......... #...##....
#...######


You could see an iguana.

Vanquished Creatures
  An ogre (D:4)
  Natasha (D:3)
  An adder (D:2)
  An ooze (D:1)
  4 worms
  2 dart slugs
  4 giant geckos
  An orc (D:3)
  A ball python (D:1)
  4 giant cockroaches
  8 goblins
  9 hobgoblins
  8 jackals
  9 kobolds
  2 quokkas (D:2)
  5 bats
  7 giant newts
  5 rats
73 creatures vanquished.

Notes
Turn   | Place    | Note
--------------------------------------------------------------
     0 | D:1      | sudo the High Elf Gladiator began the quest for the Orb.
     0 | D:1      | Reached XP level 1. HP: 14/14 MP: 2/2
     3 | D:1      | Noticed an electric eel
     3 | D:1      | Noticed an electric eel
    99 | D:1      | Reached XP level 2. HP: 16/19 MP: 3/3
   118 | D:1      | Reached skill level 4 in Long Blades
   822 | D:1      | Reached XP level 3. HP: 20/24 MP: 4/4
  1022 | D:2      | Found a shadowy altar of Dithmenos.
  1333 | D:2      | Found a stormy altar of Qazlal.
  1402 | D:2      | Reached skill level 1 in Armour
  1425 | D:2      | Found an ancient bone altar of Kikubaaqudgha.
  1504 | D:2      | Reached XP level 4. HP: 26/29 MP: 5/5
  2119 | D:3      | Reached skill level 5 in Long Blades
  2412 | D:3      | Noticed Natasha
  2418 | D:3      | Killed Natasha
  2639 | D:3      | Found a burning altar of Makhleb.
  2736 | D:4      | Noticed an ogre
  2753 | D:4      | Killed an ogre
  2753 | D:4      | Reached XP level 5. HP: 35/35 MP: 6/6
  2818 | D:4      | Slain by an iguana

Skill      XL: |  1  2  3  4 |
---------------+-------------+-----
Long Blades    | 4 5 |  5.8
Armour         | 1 |  1.6
Dodging        | 4 |  4.6
Fighting       | |  2.6
Throwing       | |  2.0

Action                   |  1- 3 |  4- 6 || total
-------------------------+-------+-------++-------
Melee: Long sword        |   122 |   131 ||   253
  Use: Potion            |     2 |       ||     2
 Stab: Sleeping          |     1 |       ||     1
  Eat: Chunk             |     2 |     4 ||     6
Armor: Leather armour    |    35 |     8 ||    43
       Ring mail         |       |    26 ||    26
Dodge: Dodged            |    75 |   105 ||   180
